 Dungeon Sprint DCSS version 0.25.1-2-g60ff931df9 (webtiles) character file.

Game seed: 9705436614440311392

1912 MordorOrchid the Protected (level 9, -8/75 HPs)
             Began as a Gnoll Wanderer on Oct 26, 2020.
             Was a Priest of Sif Muna.
             Killed from afar by an efreet (40 damage)
             ... with a bolt of fire
             ... in the Dungeon (Sprint IX: "|||||||||||||||||||||||||||||").
             The game lasted 00:03:54 (359 turns).

MordorOrchid the Protected (Gnoll Wanderer)          Turns: 359, Time: 00:03:55

Health: -8/75      AC: 21    Str: 17    XL:     9   Next: 16%
Magic:  18/19      EV: 14    Int: 20    God:    Sif Muna [***...]
Gold:   0          SH:  0    Dex: 16    Spells: 22/22 levels left

rFire    . . .     SeeInvis .   q - +2 dire flail (protect)
rCold    . . .     Gourm    .   (shield currently unavailable)
rNeg     . . .     Faith    .   b - +2 scale mail
rPois    .         Spirit   .   u - +0 helmet
rElec    .         Reflect  .   (no cloak)
rCorr    .         Harm     .   (no gloves)
MR       .....     NoTele   +   v - +0 pair of boots
Stlth    ++........             (no amulet)
HPRegen  0.22/turn              s - +3 ring of strength
MPRegen  0.16/turn              r - +3 ring of intelligence

@: protection aura, berserk cooldown, very slightly contaminated, slowed, very
slow
A: distributed training, fangs 1, strong nose
a: Channel Magic, Forget Spell, Renounce Religion


You were in the Dungeon.
You worshipped Sif Muna.
Sif Muna was most pleased with you.
You were not hungry.

You visited 1 branch

Inventory:

Hand Weapons
 a - a +0 hand crossbow
 d - a +0 shortbow
 p - a +2 halberd of venom
 q - a +2 dire flail of protection (weapon)
 t - a +2 scimitar of holy wrath
 y - a +2 rapier of electrocution
Missiles
 c - 22 bolts
 e - 24 arrows
Armour
 b - a +2 scale mail (worn)
 u - a +0 helmet (worn)
 v - a +0 pair of boots (worn)
 w - a +1 chain mail
Magical Staves
 x - an uncursed staff of energy
Jewellery
 r - a +3 ring of intelligence (right hand)
 s - a +3 ring of strength (left hand)
Wands
 o - a wand of iceblast (8)
Scrolls
 l - a scroll of blinking
 m - 3 scrolls of remove curse
 n - 2 scrolls of amnesia
Potions
 g - 5 potions of curing
 h - 2 potions of heal wounds
 j - 4 potions of magic
Comestibles
 f - a ration


   Skills:
 + Level 8.6 Fighting
 + Level 7.2 Short Blades
 + Level 7.2 Long Blades
 + Level 7.2 Axes
 + Level 7.7 Maces & Flails
 + Level 7.2 Polearms
 + Level 7.2 Staves
 + Level 7.2 Slings
 + Level 7.7 Bows
 + Level 7.2 Crossbows
 + Level 7.2 Throwing
 + Level 11.0 Armour
 + Level 7.2 Dodging
 + Level 7.2 Stealth
 + Level 7.7 Shields
 + Level 7.2 Unarmed Combat
 + Level 7.2 Spellcasting
 + Level 5.9 Conjurations
 + Level 5.9 Hexes
 + Level 5.9 Charms
 + Level 5.9 Summonings
 + Level 5.9 Necromancy
 + Level 5.9 Translocations
 + Level 5.9 Transmutations
 + Level 5.9 Fire Magic
 + Level 5.9 Ice Magic
 + Level 5.9 Air Magic
 + Level 5.9 Earth Magic
 + Level 5.9 Poison Magic
 + Level 7.9 Invocations
 + Level 7.7 Evocations


You had 22 spell levels left.
You didn't know any spells.
Your spell library was empty.

Dungeon Overview and Level Annotations

Branches:
Dungeon (1/1)

Altars:
Cheibriados
Dithmenos
Elyvilon
Fedhas
Gozag
Hepliaklqana
Kikubaaqudgha
Makhleb
Nemelex Xobeh
Okawaru
Qazlal
Ru
Sif Muna
Trog
Uskayaw
Vehumet
Wu Jian
Xom
Yredelemnul
Zin
The Shining One
Beogh
Jiyva
Lugonu


Innate Abilities, Weirdness & Mutations

Your experience applies equally to all skills.
You have very sharp teeth.
Your uncanny sense of smell can sniff out nearby items.


Message History

The efreet closely misses you.
You hit the efreet but do no damage.
The efreet is severely wounded.
The efreet misses you.
Unknown command.
Your scale mail prevents you from hitting the efreet.
The efreet is severely wounded.
The efreet hits you with a +4 scimitar of flaming!
The efreet burns you.
Unknown command.
You barely miss the efreet.
The efreet is severely wounded.
The efreet hits you with a +4 scimitar of flaming.
The efreet burns you.
You sock the efreet!
The efreet is almost dead.
The efreet gestures at you. The bolt of fire hits you!!!
Ouch! That really hurt!
You die...

▓▓▓▓▓▓▓▓▓▓▓▓▓▓▓▓▓▓▓▓▓▓▓▓▓▓▓▓▓
____'...).....).@R...(.(R...+
▓▓▓▓▓▓▓▓▓▓▓▓▓▓▓▓▓▓▓▓▓▓▓▓▓▓▓▓▓
∆∆∆∆ ∆ ∆∆∆∆


You could see an efreet.

Vanquished Creatures
  A deep elf mage (D)
  2 ugly things (D)
  A cyclops (D)
  A yak (D)
  2 orc warriors (D)
  A howler monkey (D)
  A quasit (D)
  2 adders (D)
  2 adder skeletons (D)
  2 dart slugs (D)
  A leopard gecko (D)
  A bat (D)
  A goblin (D)
  A quokka (D)
  2 frilled lizards (D)
21 creatures vanquished.

Notes
Turn   | Place    | Note
-------+----------+-------------------------------------------
     0 | D        | MordorOrchid the Gnoll Wanderer began the quest for the
                  | Orb.
     0 | D        | MordorOrchid set off with the following items: a +0 hand
                  | crossbow, a +2 scale mail, 22 bolts, a +0 shortbow, 25
                  | arrows, a ration, a potion of curing, a potion of heal
                  | wounds, a potion of haste, 2 potions of magic, a potion of
                  | berserk rage, a scroll of blinking
     0 | D        | Reached XP level 1. HP: 20/20 MP: 2/2
    10 | D        | Reached skill level 1 in Short Blades
    10 | D        | Reached skill level 1 in Long Blades
    10 | D        | Reached skill level 1 in Axes
    10 | D        | Reached skill level 1 in Polearms
    10 | D        | Reached skill level 1 in Staves
    10 | D        | Reached skill level 1 in Slings
    10 | D        | Reached skill level 1 in Crossbows
    10 | D        | Reached skill level 1 in Throwing
    10 | D        | Reached skill level 1 in Dodging
    10 | D        | Reached skill level 1 in Stealth
    10 | D        | Reached skill level 1 in Unarmed Combat
    10 | D        | Reached skill level 1 in Spellcasting
    10 | D        | Reached skill level 1 in Invocations
    11 | D        | Reached XP level 2. HP: 26/26 MP: 4/4
    27 | D        | Reached skill level 1 in Conjurations
    27 | D        | Reached skill level 1 in Hexes
    27 | D        | Reached skill level 1 in Charms
    27 | D        | Reached skill level 1 in Summonings
    27 | D        | Reached skill level 1 in Necromancy
    27 | D        | Reached skill level 1 in Translocations
    27 | D        | Reached skill level 1 in Transmutations
    27 | D        | Reached skill level 1 in Fire Magic
    27 | D        | Reached skill level 1 in Ice Magic
    27 | D        | Reached skill level 1 in Air Magic
    27 | D        | Reached skill level 1 in Earth Magic
    27 | D        | Reached skill level 1 in Poison Magic
    33 | D        | Reached XP level 3. HP: 32/32 MP: 5/5
    39 | D        | Reached skill level 5 in Fighting
    54 | D        | Found a roughly hewn altar of Beogh.
    54 | D        | Found a snail-covered altar of Cheibriados.
    54 | D        | Found a shadowy altar of Dithmenos.
    54 | D        | Found a white marble altar of Elyvilon.
    54 | D        | Found a blossoming altar of Fedhas.
    54 | D        | Found an opulent altar of Gozag.
    55 | D        | Found a hazy altar of Hepliaklqana.
    56 | D        | Found a viscous altar of Jiyva.
    57 | D        | Found an ancient bone altar of Kikubaaqudgha.
    58 | D        | Found a corrupted altar of Lugonu.
    59 | D        | Found a burning altar of Makhleb.
    60 | D        | Found a sparkling altar of Nemelex Xobeh.
    61 | D        | Found an iron altar of Okawaru.
    62 | D        | Found a stormy altar of Qazlal.
    63 | D        | Found a sacrificial altar of Ru.
    64 | D        | Found a shimmering blue altar of Sif Muna.
    65 | D        | Found a bloodstained altar of Trog.
    66 | D        | Found a hide-covered altar of Uskayaw.
    67 | D        | Found a radiant altar of Vehumet.
    68 | D        | Found an ornate altar of the Wu Jian Council.
    69 | D        | Found a shimmering altar of Xom.
    70 | D        | Found a basalt altar of Yredelemnul.
    71 | D        | Found a glowing silver altar of Zin.
    72 | D        | Became a worshipper of Sif Muna the Loreminder
    73 | D        | Found a glowing golden altar of the Shining One.
   136 | D        | Noticed an orc warrior
   136 | D        | Noticed a yak
   137 | D        | Reached XP level 4. HP: 39/39 MP: 5/7
   139 | D        | Killed an orc warrior
   139 | D        | Reached skill level 9 in Armour
   139 | D        | Reached XP level 5. HP: 46/46 MP: 5/10
   153 | D        | Killed a yak
   153 | D        | Reached * piety under Sif Muna
   153 | D        | Reached skill level 5 in Maces & Flails
   153 | D        | Reached skill level 5 in Bows
   153 | D        | Reached skill level 5 in Shields
   153 | D        | Reached skill level 5 in Evocations
   153 | D        | Reached XP level 6. HP: 23/53 MP: 6/12
   154 | D        | Reached skill level 5 in Invocations
   158 | D        | Reached ** piety under Sif Muna
   296 | D        | Noticed a brown ugly thing
   296 | D        | Noticed an orc warrior
   296 | D        | Noticed a deep elf mage
   296 | D        | Noticed a cyclops
   296 | D        | Noticed a purple ugly thing
   296 | D        | Noticed an efreet
   319 | D        | Killed a brown ugly thing
   319 | D        | Reached skill level 5 in Short Blades
   319 | D        | Reached skill level 5 in Long Blades
   319 | D        | Reached skill level 5 in Axes
   319 | D        | Reached skill level 5 in Polearms
   319 | D        | Reached skill level 5 in Staves
   319 | D        | Reached skill level 5 in Slings
   319 | D        | Reached skill level 5 in Crossbows
   319 | D        | Reached skill level 5 in Throwing
   319 | D        | Reached skill level 10 in Armour
   319 | D        | Reached skill level 5 in Dodging
   319 | D        | Reached skill level 5 in Stealth
   319 | D        | Reached skill level 5 in Unarmed Combat
   319 | D        | Reached skill level 5 in Spellcasting
   319 | D        | Reached XP level 7. HP: 43/60 MP: 12/15
   329 | D        | Killed a deep elf mage
   329 | D        | Reached skill level 5 in Conjurations
   329 | D        | Reached skill level 5 in Hexes
   329 | D        | Reached skill level 5 in Charms
   329 | D        | Reached skill level 5 in Summonings
   329 | D        | Reached skill level 5 in Necromancy
   329 | D        | Reached skill level 5 in Translocations
   329 | D        | Reached skill level 5 in Transmutations
   329 | D        | Reached skill level 5 in Fire Magic
   329 | D        | Reached skill level 5 in Ice Magic
   329 | D        | Reached skill level 5 in Air Magic
   329 | D        | Reached skill level 5 in Earth Magic
   329 | D        | Reached skill level 5 in Poison Magic
   329 | D        | Reached XP level 8. HP: 68/68 MP: 13/17
   336 | D        | Killed a cyclops
   336 | D        | Reached *** piety under Sif Muna
   352 | D        | Killed a green ugly thing
   352 | D        | Reached skill level 11 in Armour
   352 | D        | Reached XP level 9. HP: 45/75 MP: 16/19
   359 | D        | Killed from afar by an efreet

Illustrated notes

Levels and vault maps discovered:
D:        linesprint [early_d, line_temple, items_1, d_10, items_2, lair_1,
          lair_end, items_3, orc_1, orc_end, items_4, d_15, swamp_1, shoals_1,
          snake_1, spider_1, d_20, vaults_1, items_5, swamp_end, shoals_end,
          snake_end, spider_end, vaults_end, d_27, items_6, zot_1, zot_end,
          crypt_end, forest_end, elf_end, slime_end, tomb_end, abyss_end,
          pan_hell_end]

Skill      XL: |  1  2  3  4  5  6  7  8 |
---------------+-------------------------+-----
Short Blades   | 1 2 3 4 5 6 7 |  7.2
Long Blades    | 1 2 3 4 5 6 7 |  7.2
Axes           | 1 2 3 4 5 6 7 |  7.2
Polearms       | 1 2 3 4 5 6 7 |  7.2
Staves         | 1 2 3 4 5 6 7 |  7.2
Slings         | 1 2 3 4 5 6 7 |  7.2
Crossbows      | 1 2 3 4 5 6 7 |  7.2
Throwing       | 1 2 3 4 5 6 7 |  7.2
Dodging        | 1 2 3 4 5 6 7 |  7.2
Stealth        | 1 2 3 4 5 6 7 |  7.2
Unarmed Combat | 1 2 3 4 5 6 7 |  7.2
Spellcasting   | 1 2 3 4 5 6 7 |  7.2
Invocations    | 1 2 3 4 6 7 |  7.9
Conjurations   | 1 2 3 4 5 |  5.9
Hexes          | 1 2 3 4 5 |  5.9
Charms         | 1 2 3 4 5 |  5.9
Summonings     | 1 2 3 4 5 |  5.9
Necromancy     | 1 2 3 4 5 |  5.9
Translocations | 1 2 3 4 5 |  5.9
Transmutations | 1 2 3 4 5 |  5.9
Fire Magic     | 1 2 3 4 5 |  5.9
Ice Magic      | 1 2 3 4 5 |  5.9
Air Magic      | 1 2 3 4 5 |  5.9
Earth Magic    | 1 2 3 4 5 |  5.9
Poison Magic   | 1 2 3 4 5 |  5.9
Maces & Flails | 3 4 5 6 7 |  7.7
Bows           | 3 4 5 6 7 |  7.7
Shields        | 3 4 5 6 7 |  7.7
Evocations     | 3 4 5 6 7 |  7.7
Fighting       | 5 6 7 8 |  8.6
Armour         | 9 10 11 | 11.0

Action                   |  1- 3 |  4- 6 |  7- 9 || total
-------------------------+-------+-------+-------++-------
Melee: Rapier            |     1 |    20 |       ||    21
       Bite              |       |     7 |     3 ||    10
       Dire flail        |       |    22 |    29 ||    51
 Fire: Shortbow          |    22 |       |       ||    22
Evoke: Wand              |       |     1 |     1 ||     2
  Use: Potion            |     2 |       |     2 ||     4
       Scroll            |       |       |     1 ||     1
 Stab: Invisible         |       |     5 |       ||     5
Armor: Scale mail        |     4 |    12 |     9 ||    25
Dodge: Dodged            |     5 |    20 |     9 ||    34
